 Dungeon Crawl Stone Soup version 0.21.1 (webtiles) character file.

57 Dargar the Grasshopper (level 4, 0/40 HPs)
             Began as a Naga Warper on Feb 3, 2018.
             Slain by a hobgoblin
             ... wielding a +0 club
              (4 damage)
             ... on level 2 of the Dungeon.
             The game lasted 00:05:13 (1089 turns).

Dargar the Grasshopper (Naga Warper)                Turns: 1089, Time: 00:05:14

Health: 0/40       AC:  4    Str: 15    XL:     4   Next: 0%
Magic:  7/7        EV:  7    Int: 13    God:
Gold:   42         SH:  0    Dex: 10    Spells: 5/7 levels left

rFire    + . .     SeeInvis +   a - +0 mace
rCold    x . .     Gourm    .   (no shield)
rNeg     . . .     Faith    .   k - +0 scale mail
rPois    +         Spirit   .   (no helmet)
rElec    .         Reflect  .   (no cloak)
rCorr    .         Harm     .   (no gloves)
MR       .....                  (no barding)
Stlth    ..........             (no amulet)
HPRegen  0.13/turn              j - ring of fire
MPRegen  0.10/turn              (no ring)

@: lethally poisoned (0 -> -2), very slow
A: large, see invisible, deformed body, poison resistance, slowness 2, slow
metabolism 1, spit poison 1, AC +1
a: Spit Poison


You were on level 2 of the Dungeon.
You were not hungry.

You visited 1 branch of the dungeon, and saw 2 of its levels.

You collected 42 gold pieces.

Inventory:

Hand Weapons
 a - a +0 mace (weapon)
Missiles
 e - 5 tomahawks of dispersal (quivered)
 n - 7 needles of sleeping
Armour
 b - a +0 leather armour
 k - a +0 scale mail (worn)
Jewellery
 j - a ring of fire (left hand)
Scrolls
 d - a scroll of blinking
 g - a scroll of identify {unknown}
 m - a scroll of immolation {unknown}
Potions
 h - a potion of heal wounds
 i - 2 potions of curing
 l - a potion of magic
Books
 c - a book of Spatial Translocations

   Spells                             Type                      Level
   a - Blink                          Translocation                2
   b - Shroud of Golubria             Charms/Translocation         2
   c - Lesser Beckoning               Translocation                3
   d - Gell's Gravitas                Translocation                3
   e - Teleport Other                 Translocation                3
   f - Passage of Golubria            Translocation                4
Comestibles
 f - 5 rations


   Skills:
 + Level 2.7 Fighting
 + Level 2.8 Maces & Flails
 + Level 0.8 Throwing
 + Level 1.2 Armour
 + Level 1.8 Dodging
 - Level 2.3 Spellcasting
 + Level 3.0 Translocations


You had 5 spell levels left.
You knew the following spells:

 Your Spells              Type           Power        Failure   Level  Hunger
a - Shroud of Golubria    Chrm/Tloc      #.........   63%         2    ###....


Dungeon Overview and Level Annotations

Branches:
Dungeon (2/15)

Altars:


Innate Abilities, Weirdness & Mutations

You cannot wear boots.
Your serpentine skin is tough. (AC +1)
You have supernaturally acute eyesight. (SInv)
Armour fits poorly on your strangely shaped body.
Your system is resistant to poisons. (rPois)
You cover ground very slowly.
You have a slow metabolism.
You can spit poison.


Message History

The adder barely misses you.
You barely miss the adder.
The adder is heavily wounded.
The adder bites you.
* * * LOW HITPOINT WARNING * * *
The hobgoblin hits you but does no damage.
You miss the adder.
The adder is moderately wounded.
You feel sick. The adder barely misses you. The hobgoblin hits you with a club.
* * * LOW HITPOINT WARNING * * *
The adder bites you.
* * * LOW HITPOINT WARNING * * *
You sock the adder!
You kill the adder!
You have reached level 4!
You feel stronger. The hobgoblin hits you with a club.
* * * LOW HITPOINT WARNING * * *
You feel sick. The hobgoblin hits you with a club.
You die...

#..........#
#..........####
##
##.###........#
#.###..#
#.###.##..>#
#..#..## #.# #.#
#... ###...## #.#
#.# .
#......####.. #(.
#........!##.####
##......†@.......
#.##..##g...####
#......###....#
####...# .#....
##[.# ...... #..#
#.... #..# ....
..


You could see a hobgoblin.

Vanquished Creatures
  An adder (D:2)
  An ooze (D:1)
  An adder zombie (D:2)
  2 dart slugs (D:1)
  A leopard gecko (D:1)
  2 ball pythons (D:1)
  3 bats
  A giant cockroach (D:1)
  4 goblins (D:1)
  6 hobgoblins
  5 frilled lizards
  4 kobolds (D:1)
  3 rats (D:1)
34 creatures vanquished.

Notes
Turn   | Place    | Note
-------+----------+-------------------------------------------
     0 | D:1      | Dargar the Naga Warper began the quest for the Orb.
     0 | D:1      | Reached XP level 1. HP: 19/19 MP: 3/3
   134 | D:1      | Reached XP level 2. HP: 13/26 MP: 5/5
   379 | D:1      | Reached XP level 3. HP: 24/33 MP: 6/6
   434 | D:1      | Reached skill level 1 in Armour
   442 | D:1      | Learned a level 2 spell: Shroud of Golubria
  1088 | D:2      | Reached XP level 4. HP: 5/40 MP: 7/7
  1089 | D:2      | Slain by a hobgoblin

Skill      XL: |  1  2  3 |
---------------+----------+-----
Armour         | 1 |  1.2
Fighting       | |  2.7
Maces & Flails | |  2.8
Throwing       | |  0.8
Dodging        | |  1.8
Spellcasting   | |  2.3
Translocations | |  3.0

Action                   |  1- 3 |  4- 6 || total
-------------------------+-------+-------++-------
Melee: Mace              |   103 |       ||   103
  Use: Potion            |     3 |       ||     3
Armor: Leather armour    |    18 |       ||    18
       Scale mail        |    45 |       ||    45
Dodge: Dodged            |    69 |       ||    69
